 Dungeon Crawl Stone Soup version 0.26-a0-812-g31a745ddcd (webtiles) character file.

Game seed: 5011422972770020867

54467 kae the Grappler (level 14, -8/122 HPs)
             Began as a White Draconian Transmuter on Dec 1, 2020.
             Was a Priest of Ru.
             Mangled by a sphinx (13 damage)
             ... summoned by Kirke
             ... on level 5 of the Lair of Beasts.
             The game lasted 00:20:23 (27962 turns).

kae the Grappler (White Draconian Transmuter)      Turns: 27962, Time: 00:20:24

Health: -8/122     AC:  0    Str: 17    XL:     14   Next: 34%
Magic:  26/27      EV: 19    Int: 14    God:    Ru [***...]
Gold:   1486       SH:  5    Dex: 12    Spells: 18/31 levels left

rFire    . . .     SeeInvis .     - Unarmed
rCold    . . .     Faith    .   (shield currently unavailable)
rNeg     . . .     Spirit   .   (armour unavailable)
rPois    .         Reflect  +   (helmet currently unavailable)
rElec    .         Harm     .   (cloak currently unavailable)
rCorr    .         Rampage  .   (gloves currently unavailable)
MR       +....                  (boots currently unavailable)
Stlth    ..........             i - amulet of reflection
HPRegen  0.30/turn              (ring currently unavailable)
MPRegen  0.20/turn              (ring currently unavailable)

@: pig-form, slowed
A: small, (breathe frost), unfitting armour, no stealth, inability to use
devices, AC +8
a: Draw Out Power, Renounce Religion


You were on level 5 of the Lair of Beasts.
You worshipped Ru.
Ru was most pleased with you.
You were a filthy swine.
You visited 3 branches of the dungeon, and saw 19 of its levels.
You also visited: Sewer and Ice Cave.

You collected 1486 gold pieces.

Inventory:

Armour
 r - a +2 cloak (melded)
Jewellery
 d - an uncursed ring of positive energy
 f - an uncursed ring of protection from magic
 i - an amulet of reflection (around neck)
 l - a +6 ring of dexterity (melded)
 m - an uncursed amulet of guardian spirit
 n - an uncursed ring of ice
 o - a +4 ring of evasion (melded)
 w - a +6 ring of intelligence
 D - an uncursed ring of protection from cold
 F - an uncursed ring of flight {unknown}
 G - an uncursed ring of ice
Scrolls
 b - 15 scrolls of remove curse
 c - 5 scrolls of amnesia
 j - 2 scrolls of blinking
 q - 2 scrolls of enchant weapon
 v - a scroll of fog
 y - 4 scrolls of teleportation
 B - 3 scrolls of identify
 C - 3 scrolls of silence
 H - a scroll of fear
Potions
 a - a potion of might
 e - 4 potions of brilliance
 g - 2 potions of attraction
 h - 8 potions of curing
 k - 2 potions of flight
 p - a potion of degeneration
 s - a potion of resistance
 t - 2 potions of mutation {unknown}
 u - 2 potions of invisibility {unknown}
 x - 2 potions of magic
 z - a potion of cancellation
 A - a potion of haste
 E - a potion of berserk rage


   Skills:
 + Level 10.5 Fighting
 + Level 9.0 Dodging
 * Level 13.4 Unarmed Combat
 + Level 9.2 Spellcasting
 * Level 13.2 Transmutations
 - Level 6.0 Ice Magic


You had 18 spell levels left.
You knew the following spells:

 Your Spells              Type           Power        Failure   Level
a - Beastly Appendage     Tmut           #####.       1%          1
b - Spider Form           Tmut/Pois      ####......   2%          3
c - Blade Hands           Tmut           #####.....   1%          5
d - Ice Form              Ice/Tmut       ####....     2%          4

Your spell library contained the following spells:

 Spells                   Type           Power        Failure   Level
 Sting                    Tmut/Pois      ####         1%          1
 Wereblood                Tmut           #####...     1%          2
 Ensorcelled Hibernation  Hex/Ice        ##....       4%          2
 Ignite Poison            Fire/Tmut/Pois ###.....     5%          3
 Petrify                  Tmut/Erth      ####....     8%          4
 Animate Skeleton         Necr           #.....       12%         1
 Corona                   Hex            #......      12%         1
 Pain                     Necr           #...         12%         1
 Shock                    Conj/Air       #...         12%         1
 Poisonous Vapours        Pois/Air       #.....       17%         2
 Swiftness                Air            #.......     17%         2
 Yara's Violent Unravell  Hex/Tmut       ####......   21%         5
 Confusing Touch          Hex            #.......     34%         3
 Dazzling Flash           Conj/Hex       #.....       34%         3
 Gell's Gravitas          Tloc           #.........   34%         3
 Mephitic Cloud           Conj/Pois/Air  #.......     34%         3
 Static Discharge         Conj/Air       #.......     34%         3
 Tukima's Dance           Hex            #.......     34%         3
 Vampiric Draining        Necr           #.........   34%         3
 Metabolic Englaciation   Hex/Ice        ##........   67%         5
 Airstrike                Air            #.........   75%         4
 Animate Dead             Necr           #.........   75%         4
 Olgreb's Toxic Radiance  Pois           #.......     75%         4
 Ozocubu's Refrigeration  Ice            ###.......   83%         6
 Agony                    Necr           #.......     97%         5
 Lightning Bolt           Conj/Air       #.........   97%         5
 Simulacrum               Ice/Necr       ##........   99%         6
 Freezing Cloud           Conj/Ice/Air   ##........   100%        6


Dungeon Overview and Level Annotations

Branches:
Dungeon (12/15)            Temple (0/1) D:5            Lair (6/6) D:9
  Swamp (0/4) Lair:3       Spider (1/4) Lair:2          Orc (0/2) D:11
  Sewer (visited)           IceCv (visited)
  Slime: Lair:5-6

Altars:
Cheibriados
Elyvilon
Hepliaklqana
Kikubaaqudgha
Makhleb
Nemelex Xobeh
Qazlal
Ru
Sif Muna
Trog
Uskayaw
Wu Jian
Yredelemnul
Zin
Jiyva

Shops:
D:11 [

Portals:
Trove: D:11 (give 2 scrolls of acquirement)

Annotations:
D:3 Grinder
D:5 2 transporters, rigao's ghost, novice OpVM
D:6 2 transporters
D:10 1 runed translucent door, SmoothBrain's ghost, journeyman GnWz
D:12 3 runed translucent doors, End1zNear's ghost, journeyman DDFi
Lair:2 exclusion: 2 oklob plants
Lair:5 Kirke
Lair:6 1 runed translucent door


Innate Abilities, Weirdness & Mutations

((You can breathe waves of freezing cold.))
((You can buffet flying creatures when you breathe cold.))
((Your icy white scales are hard. (AC +8)))
You cannot fit into any form of body armour.
((Your flesh is cold resistant. (rC+)))
((You are cold-blooded and may be slowed by cold attacks.))
You cannot be stealthy.
You cannot study or use magical devices.


Message History

The sphinx mumbles some strange words.
You struggle to resist.
You bite Kirke!
Kirke is severely wounded.
The sphinx closely misses you. x2; The sphinx hits you.
* * * LOW HITPOINT WARNING * * *
Kirke points at you and mumbles some strange words.
You feel yourself slow down.
You closely miss Kirke.
Kirke is severely wounded.
The sphinx hits you!
* * * LOW HITPOINT WARNING * * *
The sphinx completely misses you. The sphinx hits you.
* * * LOW HITPOINT WARNING * * *
The blink frog blinks!
Kirke splashes around in the water.
You closely miss Kirke.
Kirke is severely wounded.
The blink frog begins to attack, but is stunned by your will!
The sphinx hits you!
You die...

## ##...########......# #....###
####......# #≈.......## ##...###
.#.#⌠.>)⌠####.≈≈≈≈≈≈..# #...PP#.
...#.(....##.≈≈≈≈≈≈≈≈.## ##....(.
...##.⌠.###..≈≈≈≈≈≈≈≈..####..)...
..#.###.# #..≈≈≈≈≈≈≈≈≈.#.#P.....b
.......## ##≈≈≈≈≈≈≈≈≈≈..##.......
....#.## #..≈@H≈≈≈≈...##P......
..<...#######.≈÷h.≈≈≈...###......
.PP.##..#.###...§..≈.#...##..P...
.....#P...F...#.......#####......
.P)...............PP.######......
.....#.....#...........#.##......
.......###..........#...........#
#.........#...........PP.##.#...#
)...........##.....P.P###########
..P.........##....#P.##### #####


You could see Kirke, a sphinx (summoned) and a blink frog (corona).

Vanquished Creatures
  A frost giant (IceCv)
  Fannar (Lair:3)
  Harold (D:10)
  7 hydras
  A boulder beetle (Lair:5)
  A tengu warrior (D:12)
  5 death yaks
  2 oklob plants (Lair:2)
  16 elephants
  A centaur skeleton (D:11)
  An ice statue (IceCv)
  Maggie (D:6)
  A torpor snail (Lair:2)
  7 rime drakes
  10 cane toads
  2 kobold demonologists (D:12)
  9 komodo dragons
  A troll (D:12)
  A tyrant leech (Lair:3)
  A jumping spider (Lair:2)
  A hornet (D:12)
  18 polar bears
  19 blink frogs
  2 hogs (Lair:6)
  46 yaks
  5 wyverns
  5 basilisks
  A steam dragon (Lair:6)
  An acid dragon (Lair:6)
  17 water moccasins
  4 ice beasts
  3 orc warriors
  2 black bears (D:9)
  3 sky beasts
  7 phantoms
  2 necrophages
  24 wolves
  An ogre (D:10)
  8 centaurs
  4 big kobolds (D:12)
  20 bullfrogs
  2 wyvern skeletons (D:9)
  7 scorpions
  5 wights (D:9)
  11 killer bees (D:9)
  5 electric eels
  A howler monkey (D:6)
  A centaur zombie (D:6)
  A quasit (D:12)
  A bullfrog zombie (D:6)
  6 jellies
  5 hounds
  An orc priest (D:4)
  8 orc wizards
  2 bullfrog skeletons
  4 iguanas
  10 worker ants
  2 hound skeletons
  A worker ant zombie (D:6)
  4 gnolls (D:9)
  14 adders
  2 howler monkey skeletons
  2 shadow imps
  4 white imps
  An ufetubus (D:9)
  15 oozes
  2 adder zombies
  An adder skeleton (D:8)
  4 worms
  A dart slug (D:2)
  19 leopard geckos
  30 orcs
  15 ball pythons
  10 bats
  A bat zombie (D:1)
  11 giant cockroaches
  9 goblins
  5 hobgoblins
  2 jackals (D:3)
  4 quokkas
  18 frilled lizards
  A jackal skeleton (D:3)
  13 kobolds
  A leopard gecko skeleton (D:9)
  12 rats
537 creatures vanquished.

Vanquished Creatures (others)
  A hydra (Lair:4)
  A lindwurm (Lair:5)
  A cane toad (Lair:2)
  A basilisk (Lair:1)
  A frilled lizard (Sewer)
  A bush (Lair:6)
  102 fungi
  89 plants
197 creatures vanquished.

Grand Total: 734 creatures vanquished

Notes
Turn   | Place    | Note
-------+----------+-------------------------------------------
     0 | D:1      | kae the Draconian Transmuter began the quest for the Orb.
     0 | D:1      | Reached XP level 1. HP: 16/16 MP: 3/3
   123 | D:1      | Reached XP level 2. HP: 23/23 MP: 3/5
   680 | D:1      | You fall into a shaft and drop 1 floor!
  1048 | D:1      | Reached XP level 3. HP: 28/28 MP: 4/6
  1053 | D:1      | Learned a level 3 spell: Spider Form
  1242 | D:2      | Found a sacrificial altar of Ru.
  1242 | D:2      | Found a snail-covered altar of Cheibriados.
  1859 | D:2      | Found a bloodstained altar of Trog.
  1872 | D:2      | Reached XP level 4. HP: 29/36 MP: 5/7
  2284 | D:2      | Became a worshipper of Ru the Awakened
  2345 | D:3      | Found a hide-covered altar of Uskayaw.
  2345 | D:3      | Noticed a +0 hand axe
  2345 | D:3      | Noticed a +0 hand axe
  2505 | D:3      | Noticed Grinder
  2506 | D:3      | Paralysed by Grinder for 4 turns
  3047 | D:3      | Reached XP level 5. HP: 41/41 MP: 6/8
  3169 | D:4      | Noticed a phantom
  3227 | D:4      | HP: 2/42 [orc wizard/magic dart (9)]
  3239 | D:4      | HP: 1/42 [orc wizard/magic dart (10)]
  3261 | D:4      | Reached XP level 6. HP: 4/50 MP: 10/10
  3268 | D:4      | HP: 3/75 [poisoned by an orc wizard]
  3273 | D:4      | HP: 3/75 [poisoned by an orc wizard]
  3279 | D:4      | HP: 3/75 [poisoned by an orc wizard]
  3285 | D:4      | HP: 3/75 [poisoned by an orc wizard]
  3291 | D:4      | HP: 3/75 [poisoned by an orc wizard]
  3414 | D:4      | Found a glowing drain.
  3442 | Sewer    | Entered a sewer
  3631 | Sewer    | Gained mutation: You cannot study or use magical devices.
                  | [Ru sacrifice]
  3631 | Sewer    | Reached * piety under Ru
  3631 | Sewer    | Reached ** piety under Ru
  4575 | Sewer    | Reached skill level 5 in Unarmed Combat
  4575 | Sewer    | Your scales start taking on an icy white colour.
  4575 | Sewer    | Reached XP level 7. HP: 42/57 MP: 0/11
  4575 | Sewer    | Gained mutation: Your flesh is cold resistant. (rC+) [White
                  | Draconian growth]
  5597 | D:5      | Entered Level 5 of the Dungeon
  5897 | D:5      | Found a staircase to the Ecumenical Temple.
  5911 | D:5      | Reached skill level 5 in Transmutations
  6191 | D:5      | Found a sparkling altar of Nemelex Xobeh.
  6271 | D:5      | Noticed a hornet
  6272 | D:5      | Found a transporter.
  6276 | D:5      | Found a transporter.
  6276 | D:5      | Noticed rigao's ghost (novice OpVM)
  6291 | D:5      | Found a white marble altar of Elyvilon.
  6500 | D:6      | Reached XP level 8. HP: 66/66 MP: 13/13
  6999 | D:6      | Gained mutation: You cannot be stealthy. [Ru sacrifice]
  6999 | D:6      | Reached *** piety under Ru
  7056 | D:6      | Found a sacrificial altar of Ru.
  7351 | D:6      | Noticed a gargoyle
  7352 | D:6      | Found a transporter.
  7352 | D:6      | Found a shimmering blue altar of Sif Muna.
  7445 | D:6      | Found a hazy altar of Hepliaklqana.
  7472 | D:6      | Found a transporter.
  7505 | D:6      | Noticed Maggie
  7519 | D:6      | Killed Maggie
  7519 | D:6      | Reached XP level 9. HP: 56/73 MP: 9/15
  7650 | D:6      | Found an ancient bone altar of Kikubaaqudgha.
  7766 | D:6      | Found a basalt altar of Yredelemnul.
  7768 | D:6      | Found an ornate altar of the Wu Jian Council.
  8096 | D:7      | Reached skill level 5 in Fighting
  9022 | D:8      | Found a glowing silver altar of Zin.
  9160 | D:8      | Learned a level 5 spell: Blade Hands
  9165 | D:8      | Learned a level 4 spell: Ice Form
  9347 | D:8      | Reached skill level 1 in Ice Magic
  9633 | D:8      | Reached skill level 5 in Spellcasting
  9902 | D:8      | Reached skill level 5 in Dodging
 10165 | D:8      | Found a burning altar of Makhleb.
 10714 | D:9      | Reached XP level 10. HP: 62/83 MP: 14/17
 10983 | D:9      | Found a stormy altar of Qazlal.
 12221 | D:9      | Found a staircase to the Lair.
 12482 | D:10     | Entered Level 10 of the Dungeon
 12613 | D:10     | Noticed Harold
 12633 | D:10     | Killed Harold
 13214 | D:10     | Found a runed translucent door.
 13243 | D:10     | Noticed a spriggan rider
 13266 | D:10     | Noticed SmoothBrain's ghost (journeyman GnWz)
 13475 | D:10     | Identified the cursed +3 trident of Iwejinn {vorpal, Dex+2
                  | SInv}
 13765 | D:11     | Found a portal to a secret trove of treasure.
 13838 | D:11     | Found Nola Qerch's Armour Boutique.
 13843 | D:11     | Found a staircase to the Orcish Mines.
 14068 | D:12     | Reached XP level 11. HP: 91/91 MP: 16/20
 14237 | D:12     | Paralysed by a hornet for 1 turns
 14620 | D:12     | Noticed a tengu warrior
 14628 | D:12     | Killed a tengu warrior
 14801 | D:12     | Found a frozen archway.
 14816 | D:12     | Reached skill level 5 in Ice Magic
 14826 | D:12     | Reached skill level 10 in Unarmed Combat
 14861 | IceCv    | Entered an ice cave
 15273 | IceCv    | Noticed a death yak
 15279 | IceCv    | Reached skill level 10 in Transmutations
 15292 | IceCv    | Killed a death yak
 15722 | IceCv    | Reached XP level 12. HP: 101/101 MP: 18/22
 16852 | IceCv    | Noticed a frost giant
 16887 | IceCv    | Killed a frost giant
 17246 | D:12     | Found a runed translucent gate.
 17246 | D:12     | Found a runed translucent gate.
 17247 | D:12     | Found a runed translucent gate.
 17247 | D:12     | Noticed End1zNear's ghost (journeyman DDFi)
 17562 | Lair:1   | Entered Level 1 of the Lair of Beasts
 18586 | Lair:2   | Noticed a four-headed hydra
 18930 | Lair:2   | Killed a four-headed hydra
 19295 | Lair:2   | Found a hole to the Spider Nest.
 19961 | Lair:3   | Noticed Fannar
 19989 | Lair:3   | Killed Fannar
 19995 | Lair:3   | Reached XP level 13. HP: 90/111 MP: 24/24
 20512 | Spider:1 | Entered Level 1 of the Spider Nest
 23024 | Lair:3   | You fall into a shaft and drop 2 floors!
 24268 | Lair:3   | Reached skill level 10 in Fighting
 24535 | Lair:3   | Found a staircase to the Swamp.
 25920 | Lair:5   | Reached XP level 14. HP: 121/121 MP: 21/26
 26646 | Lair:6   | Entered Level 6 of the Lair of Beasts
 27764 | Lair:6   | Found a runed translucent door.
 27764 | Lair:6   | Found a viscous altar of Jiyva.
 27777 | Lair:6   | Noticed Kirke
 27953 | Lair:5   | Noticed a sphinx
 27961 | Lair:5   | HP: 5/122 [sphinx[Kirke] (5)]
 27962 | Lair:5   | Mangled by a sphinx

Illustrated notes

Levels and vault maps discovered:
D:1:      saegor_arrival_fortress, layout_loops_cross, minmay_box_of_dots
D:2:      wad_river_or_something, layout_rooms, nicolae_overflow_crystal_walls,
          gammafunk_temple_overflow_elements, chequers_decorated_corner
D:3:      layout_loops_ring, dancing_weapons_uskayaw, uniq_grinder
D:4:      layout_rooms, portal_sewer_entry_f
D:5:      layout_loops_ring, nemelex_xobeh_ov_fountains_minmay,
          minmay_temple_entry_crystal_x, gammafunk_ghost_hive, basic_altar
D:6:      layout_loops_ring, gammafunk_temple_overflow_arena,
          nicolae_overflow_hidden_temple, nicolae_ru_awakened_eye, uniq_maggie
D:7:      layout_cave_pods, grunt_ministairs_3
D:8:      layout_loops_ring, old_standard_altar, lemuel_doored_altar,
          minmay_door_square
D:9:      layout_loops_ring, due_lair_maze_entry_diamond,
          nicolae_qazlal_general_emergency
D:10:     layout_stronghold, ebering_ghost_funeral_grove, uniq_harold
D:11:     layout_rooms, orc_david_3, nicolae_trove_entry_columns
D:12:     layout_roguey, gammafunk_ghost_spectres,
          portal_ice_cave_entry_animals_and_master
Lair:1:   layout_chaotic_city, lemuel_fruit_fields, grunt_megastairs_5
Lair:2:   layout_gridlike, spider_nest_entry_a, serial_bayou_lake_a,
          infiniplex_staircase_pool_2, minmay_lair_oklob_chamber
Lair:3:   layout_chaotic_city, palyth_hydra_swamp_entry,
          chequers_serial_rivers_room_b, serial_bayou_shore_a,
          grunt_megastairs_1, lemuel_fruit_tree, uniq_fannar
Lair:4:   layout_roguey, grunt_megastairs_4
Lair:5:   layout_loops_ring, grunt_megastairs_2, infiniplex_staircase_pool,
          lemuel_fruit_fields
Lair:6:   grunt_lair_end_beastmaster, layout_loops_ring, slime_altar_2,
          nicolae_lair_grove_arrangements, guppyfry_lair_drakes, uniq_kirke
Spider:1: layout_spider_delve, drop_trap

Skill      XL: |  1  2  3  4  5  6  7  8  9 10 11 12 13 14 |
---------------+-------------------------------------------+-----
Dodging        | 2 3 4 5 6 7 8 9 |  9.0
Fighting       | 2 3 4 5 6 7 9 10 | 10.5
Transmutations | 3 4 5 6 7 9 10 11 12 13 | 13.2
Unarmed Combat | 4 5 7 8 9 10 11 13 | 13.4
Spellcasting   | 3 4 5 6 7 8 9 |  9.2
Ice Magic      | 2 4 6 |  6.0

Action                   |  1- 3 |  4- 6 |  7- 9 | 10-12 | 13-15 || total
-------------------------+-------+-------+-------+-------+-------++-------
Melee: Unarmed           |   129 |   360 |   427 |   596 |   442 ||  1954
       Kick              |    28 |     7 |    13 |       |       ||    48
       Headbutt          |    14 |     4 |     4 |       |       ||    22
       Tailslap          |     7 |    12 |    19 |    10 |    15 ||    63
       Punch             |     3 |     2 |     5 |     5 |    10 ||    25
 Cast: Beastly Appendage |    30 |    14 |    10 |       |       ||    54
       Spider Form       |       |    22 |    26 |     7 |       ||    55
       Ice Form          |       |       |       |    44 |    34 ||    78
       Blade Hands       |       |       |       |     4 |    13 ||    17
Invok: Sacrifice Artific |       |     1 |       |       |       ||     1
       Sacrifice Stealth |       |       |     1 |       |       ||     1
       Reject Sacrifices |       |       |       |     2 |       ||     2
       Draw Out Power    |       |       |       |     1 |       ||     1
 Abil: Breathe Frost     |       |       |    28 |     8 |     1 ||    37
       End Transformatio |       |       |     1 |       |       ||     1
  Use: Scroll            |       |     9 |     9 |     9 |     1 ||    28
       Potion            |       |     6 |     2 |     1 |       ||     9
 Stab: Distracted        |       |     1 |     1 |     1 |     1 ||     4
       Invisible         |       |       |     2 |     5 |     4 ||    11
       Petrified         |       |       |       |     5 |       ||     5
       Petrifying        |       |       |       |     1 |       ||     1
Armor: Skin              |    43 |    78 |    75 |    75 |    55 ||   326
Dodge: Dodged            |    92 |   295 |   253 |   349 |   366 ||  1355
Block: Other             |       |       |    43 |   110 |    90 ||   243
       Reflection        |       |       |       |     2 |       ||     2

Table legend: (Time is in decaauts)
 A = Elapsed time spent in this place.
 B = Non-inter-level travel time spent in this place.
 C = Inter-level travel time spent in this place.
 D = Time resting spent in this place.
 E = Time spent auto-exploring this place.
 F = Levels seen in this place.
 G = Mean time per level.
                   A        B        C        D        E       F      G
               +--------+--------+--------+--------+--------+-----+--------+
         Total |  27783 |  26816 |    967 |   4959 |  17936 |  21 | 1323.0 |
       Dungeon |  13620 |  13028 |    592 |   1269 |   9636 |  12 | 1135.0 |
          Lair |  10343 |   9969 |    374 |   2758 |   6125 |   6 | 1723.8 |
   Spider Nest |      1 |      1 |      0 |      0 |      0 |   1 |    1.0 |
         Sewer |   1498 |   1498 |      0 |    228 |    892 |   1 | 1498.0 |
      Ice Cave |   2319 |   2319 |      0 |    704 |   1281 |   1 | 2319.0 |
               +--------+--------+--------+--------+--------+-----+--------+

Top non-repeatable levels by time:
  Lair:2: 3678 daAuts
   IceCv: 2319 daAuts
     D:9: 2005 daAuts
  Lair:3: 1593 daAuts
  Lair:5: 1570 daAuts
   Sewer: 1498 daAuts
  Lair:4: 1490 daAuts
     D:6: 1382 daAuts
     D:8: 1316 daAuts
  Lair:1: 1217 daAuts
     D:2: 1178 daAuts
     D:7: 1178 daAuts
     D:1: 1146 daAuts
    D:12: 1050 daAuts
    D:10: 1030 daAuts
